 Dungeon Crawl Stone Soup version 0.24-a0-275-g6f7e2cb (webtiles) character file.

Game seed: 14447854054183703277

87749 suvakkihuora the Impaler (level 15, -11/125 HPs)
             Began as a Merfolk Berserker on Apr 21, 2019.
             Was the Champion of Trog.
             Mangled by a titanic slime creature (92 damage)
             ... on level 15 of the Dungeon on Apr 28, 2019.
             The game lasted 00:50:00 (19979 turns).

suvakkihuora the Impaler (Merfolk Berserker)       Turns: 19979, Time: 00:50:01

Health: -11/125    AC: 30    Str: 22    XL:     15   Next: 91%
Magic:  21/21      EV: 17    Int: 12    God:    Trog [******]
Gold:   1882       SH:  0    Dex: 14    Spells: 14/14 levels left

rFire    . . .     SeeInvis +   W - +9 bardiche (chop)
rCold    . . .     Gourm    .   (shield currently unavailable)
rNeg     . . .     Faith    +   S - +9 chain mail of Hadjma {Regen+}
rPois    .         Spirit   .   o - +0 mask of the Dragon {MR+ Slay+3 SInv}
rElec    .         Reflect  .   H - +1 cloak {+Inv}
rCorr    .         Harm     .   X - +0 pair of gloves
MR       ++...                  P - +0 pair of boots {Fly}
Stlth    ..........             C - amulet of the Eight Demons {Faith Int+4 Stlth+}
HPRegen  0.70/turn              A - +4 ring of protection
MPRegen  0.17/turn              B - +3 ring of evasion

@: flying
A: change form in water, swift swim, stealthy swim
a: Berserk, Trog's Hand, Brothers in Arms, Renounce Religion, Evoke
Invisibility, Stop Flying


You were on level 15 of the Dungeon.
You worshipped Trog.
Trog was exalted by your worship.
You were not hungry.

You visited 2 branches of the dungeon, and saw 21 of its levels.
You also visited: Bailey and Gauntlet.

You collected 1882 gold pieces.

Inventory:

Hand Weapons
 y - a +3 halberd of flaming
 W - a +9 bardiche of chopping (weapon)
Missiles
 l - 10 tomahawks (quivered)
 u - 18 javelins
 I - 4 throwing nets
 K - 9 javelins of penetration
 M - 19 javelins of returning
Armour
 o - the +0 mask of the Dragon (worn) {MR+ Slay+3 SInv}
   (You found it on level 6 of the Lair of Beasts)

   It affects your accuracy and damage with ranged weapons and melee attacks
   (+3).
   It affects your resistance to hostile enchantments.
   It lets you see invisible.
 H - a +1 cloak of invisibility (worn)
 P - a +0 pair of boots of flying (worn)
 S - the +9 chain mail of Hadjma (worn) {Regen+}
   (You found it on level 3 of the Lair of Beasts)

   It increases your rate of regeneration.
 X - a +0 pair of gloves (worn)
Jewellery
 n - an uncursed ring of protection from cold
 r - an uncursed ring of see invisible
 A - a +4 ring of protection (left hand)
 B - a +3 ring of evasion (right hand)
 C - the amulet of the Eight Demons (around neck) {Faith Int+4 Stlth+}
   (You found it in a Gauntlet)

   [amulet of faith]

   It allows you to gain divine favour quickly.
   It affects your intelligence (+4).
   It makes you more stealthy.
 N - an uncursed ring of fire
 T - an uncursed amulet of guardian spirit {unknown}
Wands
 a - a wand of disintegration (19)
 m - a wand of flame (13)
 E - a wand of polymorph (26)
 G - a wand of paralysis (3)
 J - a wand of acid (40)
 L - a wand of enslavement (11)
Scrolls
 b - 6 scrolls of teleportation
 d - 7 scrolls of remove curse
 e - a scroll of immolation
 j - 5 scrolls of identify
 k - 2 scrolls of torment
 p - 5 scrolls of enchant armour
 q - a scroll of fear
 s - 2 scrolls of blinking
 x - 3 scrolls of fog
 Q - a scroll of silence
 V - a scroll of magic mapping
Potions
 f - 3 potions of heal wounds
 g - 8 potions of curing
 h - 3 potions of magic
 i - 3 potions of mutation
 t - a potion of cancellation
 v - 2 potions of lignification
 z - 2 potions of flight
 D - 3 potions of might
 F - a potion of haste
 O - a potion of ambrosia
 R - 4 potions of brilliance
 U - a potion of invisibility
 Z - 2 potions of berserk rage
Miscellaneous
 Y - a sack of spiders
Comestibles
 c - 33 rations
 w - 6 chunks of flesh


   Skills:
 * Level 13.8 Fighting
   Level 1.2 Maces & Flails
 * Level 20.1 Polearms
 - Level 9.7 Throwing
 - Level 10.0 Armour
 - Level 10.5 Dodging
   Level 1.2 Shields
 - Level 9.3 Evocations


You had 14 spell levels left.
You didn't know any spells.
Your spell library contained the following spells:

 Spells                   Type           Power        Failure   Level  Hunger
 Confusing Touch          Hex            #.....       90%         1    ##.....
 Corona                   Hex            #......      90%         1    ##.....
 Summon Small Mammal      Summ           #...         90%         1    ##.....
 Call Imp                 Summ           #.......     97%         2    ###....
 Ensorcelled Hibernation  Hex/Ice        #.....       97%         2    ###....
 Call Canine Familiar     Summ           #.......     99%         3    ####...
 Confuse                  Hex            #.......     99%         3    ####...
 Gell's Gravitas          Tloc           #.........   99%         3    ####...
 Inner Flame              Hex/Fire       #.......     99%         3    ####...
 Portal Projectile        Hex/Tloc       #.....       99%         3    ####...
 Summon Guardian Golem    Hex/Summ       #.......     99%         3    ####...
 Airstrike                Air            #.........   100%        4    #####..
 Petrify                  Tmut/Erth      #.......     100%        4    #####..
 Summon Ice Beast         Ice/Summ       #.......     100%        4    #####..
 Summon Lightning Spire   Summ/Air       #.......     100%        4    #####..
 Metabolic Englaciation   Hex/Ice        #.........   100%        5    ######.
 Yara's Violent Unravell  Hex/Tmut       #.........   100%        5    ######.
 Deflect Missiles         Chrm/Air       #.........   100%        6    #######


Dungeon Overview and Level Annotations

Branches:
Dungeon (15/15)            Temple (0/1) D:6            Lair (6/6) D:8
  Swamp (0/4) Lair:2        Snake (0/4) Lair:4        Slime (0/5) Lair:5
    Orc (0/2) D:9          Vaults (0/5) D:13
 Depths: D:15

Altars:
Dithmenos
Fedhas
Kikubaaqudgha
Qazlal
Ru
Sif Muna
Trog
Uskayaw
Wu Jian
Yredelemnul
Zin
Jiyva

Annotations:
Lair:1 exclusion: oklob plant
Lair:6 2 runed translucent doors, Inarius's ghost, journeyman MiCK


Message History

Two slime creatures merge to form a very large slime creature.
You slice the very large slime creature!!
The very large slime creature is moderately wounded.
You hit the very large slime creature.
The very large slime creature is moderately wounded.
Two slime creatures merge to form an enormous slime creature.
A slime creature comes into view.
You slice the enormous slime creature!!
The enormous slime creature is moderately wounded.
The enormous slime creature hits you!!!
Two slime creatures merge to form a titanic slime creature.
A glowing orange brain comes into view.
You hear an angry hiss.
You hear a horrible gurgling sound!
You slash the titanic slime creature!
The titanic slime creature is moderately wounded.
You chop the titanic slime creature into pieces!!!
The titanic slime creature is heavily wounded.
The titanic slime creature hits you!!!!
Ouch! That really hurt!
You die...

###########...# #......
#.....#.......## #...#.. #####
#..........†...# #...##. #...#
#........#†#...# ######. #...#
#####...##.##..# #...##. #[..##
#...#.##...#### #....##
#....###.....#.....# #......
#............#.....# ####......
#............##@..## #..#...#..
#.............##J## ##....#...
#.....#.....###..# #........
###.........#...## ##.......
##........#.J# #.......
#####........##. ##.......
#...###......#.J #........
#............## ### ##........
#.............######.###.........


You could see a titanic slime creature.

Vanquished Creatures
  An entropy weaver (Lair:6)
  A dire elephant (Lair:2)
  A minotaur (Gauntlet)
  A yaktaur captain (D:13)
  4 centaur warriors
  Erolcha (D:9)
  A shambling mangrove (Lair:1)
  7 hydras
  2 death knights
  5 two-headed ogres
  A wretched star (Gauntlet)
  A skeletal warrior (D:9)
  A fire crab (Lair:4)
  2 wolf spider zombies (D:14)
  A phantasmal warrior (D:9)
  Pikel (D:6)
  A wolf spider (Lair:6)
  A mana viper (shapeshifter) (D:15)
  12 ugly things
  A salamander (shapeshifter) (D:15)
  A deep elf mage (D:13)
  2 manticores
  A guardian serpent (shapeshifter) (D:15)
  A cyclops (D:13)
  Maurice (D:8)
  10 black mambas
  2 centaur zombies
  A guardian serpent (Lair:6)
  28 elephants
  2 gargoyles (D:13)
  2 torpor snails (Lair:5)
  2 molten gargoyles (Lair:4)
  2 minotaur zombies (Gauntlet)
  Psyche (D:12)
  15 spiny frogs
  A kobold demonologist (D:13)
  A rime drake (Lair:6)
  3 yaktaurs
  5 komodo dragons
  6 trolls
  A polar bear (Lair:5)
  2 hornets (Lair:6)
  A harpy skeleton (D:11)
  Grinder (D:3)
  14 blink frogs
  6 dream sheep (Lair:5)
  Prince Ribbit (D:6)
  5 slime creatures (D:14)
  5 hippogriffs
  2 redbacks (Lair:6)
  5 shadows (Gauntlet)
  4 water elementals (D:13)
  44 yaks
  A human (D:8)
  A wraith (D:9)
  15 wyverns
  4 basilisks
  A spriggan (Lair:2)
  4 hungry ghosts
  7 vampire mosquitoes
  A neqoxec (Gauntlet)
  2 nagas (Lair:4)
  2 acid dragons
  16 orc warriors
  14 water moccasins
  5 soldier ants
  3 porcupines
  2 sky beasts
  4 ice beasts
  3 black bears
  A black bear (shapeshifter) (D:15)
  4 slaves (D:6)
  2 necrophages
  2 phantoms
  An eye of draining (D:8)
  27 centaurs
  19 wolves
  15 crocodiles
  5 ogres
  4 big kobolds
  11 bullfrogs
  A wyvern zombie (D:10)
  A wyvern skeleton (D:10)
  A small abomination (Gauntlet)
  5 scorpions
  10 killer bees
  8 wights
  A howler monkey (D:11)
  8 crimson imps
  5 lava snakes (Lair:4)
  A quasit (D:8)
  5 hounds
  6 jellies
  8 orc wizards
  A bullfrog skeleton (D:5)
  A gnoll shaman (D:8)
  4 iguanas
  24 worker ants
  A hound skeleton (D:5)
  2 howler monkey zombies
  A worker ant zombie (D:8)
  7 gnolls
  8 adders
  A river rat (Lair:2)
  3 shadow imps
  An ooze (D:1)
  An adder zombie (D:6)
  2 adder skeletons (D:4)
  2 worms (D:4)
  3 dart slugs
  6 leopard geckos
  60 orcs
  7 giant cockroaches
  5 goblins
  6 hobgoblins
  10 jackals
  32 kobolds
  3 quokkas
  8 bats
  2 frilled lizards
  A leopard gecko skeleton (D:4)
  2 quokka skeletons
  8 rats
  A butterfly (Lair:5)
  A fungus (Lair:2)
  A plant (Lair:5)
675 creatures vanquished.

Vanquished Creatures (collateral kills)
  An entropy weaver (Lair:6)
  A queen ant (Lair:6)
  A rime drake (Lair:6)
  A redback (Lair:6)
  A soldier ant (Lair:6)
  6 worker ants (Lair:6)
11 creatures vanquished.

Vanquished Creatures (others)
  An orc (D:9)
  A bush (Lair:6)
  3 demonic plants (Gauntlet)
  60 fungi
  53 plants
118 creatures vanquished.

Grand Total: 804 creatures vanquished

Notes
Turn   | Place    | Note
-------+----------+-------------------------------------------
     0 | D:1      | suvakkihuora the Merfolk Berserker began the quest for the
                  | Orb.
     0 | D:1      | Reached XP level 1. HP: 18/18 MP: 1/1
    99 | D:1      | Reached skill level 5 in Polearms
    99 | D:1      | Reached XP level 2. HP: 18/24 MP: 2/2
   653 | D:2      | Reached skill level 6 in Polearms
   653 | D:2      | Reached XP level 3. HP: 16/30 MP: 3/3
   809 | D:2      | Reached XP level 4. HP: 37/37 MP: 4/4
  1359 | D:2      | Reached ** piety under Trog
  1658 | D:3      | Noticed Grinder
  1673 | D:3      | Killed Grinder
  1673 | D:3      | Reached skill level 7 in Polearms
  1673 | D:3      | Reached XP level 5. HP: 43/43 MP: 5/5
  1673 | D:3      | Reached XP level 6. HP: 49/49 MP: 6/6
  1852 | D:3      | Found a stormy altar of Qazlal.
  1856 | D:3      | Found a hide-covered altar of Uskayaw.
  2019 | D:3      | Reached skill level 8 in Polearms
  2214 | D:3      | Found an ornate altar of the Wu Jian Council.
  2640 | D:4      | Found a blossoming altar of Fedhas.
  2642 | D:4      | Found a deep blue altar of Sif Muna.
  2683 | D:4      | Found a bloodstained altar of Trog.
  2685 | D:4      | Found a shadowy altar of Dithmenos.
  2686 | D:4      | Found an ancient bone altar of Kikubaaqudgha.
  3260 | D:5      | Entered Level 5 of the Dungeon
  3297 | D:5      | Reached skill level 5 in Fighting
  3297 | D:5      | Reached XP level 7. HP: 56/56 MP: 7/7
  3786 | D:5      | Found a sacrificial altar of Ru.
  4122 | D:6      | You fall through a shaft!
  4244 | D:7      | Reached skill level 9 in Polearms
  4318 | D:7      | Reached skill level 1 in Maces & Flails
  4318 | D:7      | Reached skill level 1 in Shields
  4322 | D:7      | Reached XP level 8. HP: 63/63 MP: 8/8
  4414 | D:7      | Reached *** piety under Trog
  4729 | D:6      | Reached skill level 10 in Polearms
  4796 | D:6      | Found a basalt altar of Yredelemnul.
  4799 | D:6      | Found a sacrificial altar of Ru.
  4802 | D:6      | Found a glowing silver altar of Zin.
  5183 | D:6      | Found a staircase to the Ecumenical Temple.
  5213 | D:6      | Noticed Pikel
  5223 | D:6      | Killed Pikel
  5223 | D:6      | Reached skill level 11 in Polearms
  5223 | D:6      | Reached skill level 5 in Armour
  5223 | D:6      | Reached XP level 9. HP: 71/71 MP: 9/9
  5270 | D:6      | Noticed Prince Ribbit
  5276 | D:6      | Killed Prince Ribbit
  5331 | D:6      | You fall through a shaft!
  5786 | D:8      | Found a staircase to the Lair.
  5809 | D:8      | Reached skill level 12 in Polearms
  5825 | D:8      | Reached XP level 10. HP: 77/79 MP: 10/10
  5829 | D:8      | Reached skill level 13 in Polearms
  5844 | D:8      | Noticed Maurice
  5884 | D:8      | Reached **** piety under Trog
  5969 | D:8      | Noticed a two-headed ogre
  5980 | D:8      | Killed a two-headed ogre
  6344 | D:8      | Found a basalt altar of Yredelemnul.
  6386 | D:8      | Paralysed by Maurice for 7 turns
  6397 | D:8      | Killed Maurice
  6397 | D:8      | Reached skill level 14 in Polearms
  6721 | D:9      | Reached skill level 5 in Dodging
  6773 | D:9      | Reached ***** piety under Trog
  6778 | D:9      | Reached XP level 11. HP: 87/87 MP: 11/11
  6883 | D:9      | Found a staircase to the Orcish Mines.
  6903 | D:9      | Noticed a death knight
  6924 | D:9      | Killed a death knight
  6924 | D:9      | Reached skill level 15 in Polearms
  6924 | D:9      | Reached skill level 1 in Evocations
  6950 | D:9      | Noticed a phantasmal warrior
  6962 | D:9      | Killed a phantasmal warrior
  6994 | D:9      | Noticed a skeletal warrior
  7007 | D:9      | Killed a skeletal warrior
  7207 | D:9      | Noticed Erolcha
  7219 | D:9      | Killed Erolcha
  7235 | D:9      | Received a gift from Trog
  8067 | D:10     | Entered Level 10 of the Dungeon
  8581 | D:10     | Got a colourful robe
  8884 | D:11     | Received a gift from Trog
  8992 | D:11     | Noticed a centaur warrior
  9004 | D:11     | Killed a centaur warrior
  9004 | D:11     | Reached skill level 16 in Polearms
  9216 | D:11     | Reached XP level 12. HP: 82/97 MP: 15/15
  9314 | D:11     | You fall through a shaft for 2 floors!
  9343 | D:13     | Found a flagged portal.
  9370 | Bailey   | Entered a bailey
  9527 | Bailey   | Reached skill level 5 in Evocations
 10271 | D:13     | Reached skill level 10 in Fighting
 10362 | D:13     | Reached skill level 10 in Dodging
 10472 | D:13     | Noticed a two-headed ogre
 10507 | D:12     | Reached skill level 1 in Throwing
 10508 | D:12     | Noticed a two-headed ogre
 10519 | D:12     | Killed a two-headed ogre
 10610 | D:12     | Noticed a death knight
 10618 | D:12     | Killed a death knight
 10677 | D:12     | Noticed Psyche
 10682 | D:12     | Killed Psyche
 11003 | D:12     | Noticed a two-headed ogre
 11012 | D:12     | Killed a two-headed ogre
 11336 | Lair:1   | Entered Level 1 of the Lair of Beasts
 11426 | Lair:1   | Reached XP level 13. HP: 89/105 MP: 19/19
 11613 | Lair:1   | Reached skill level 5 in Throwing
 12370 | Lair:2   | Received a gift from Trog
 12392 | Lair:2   | Found a staircase to the Swamp.
 12817 | Lair:2   | You fall through a shaft for 2 floors!
 13406 | Lair:3   | Got a faintly humming chain mail
 13417 | Lair:3   | Identified the +9 chain mail of Hadjma {Regen+} (You found
                  | it on level 3 of the Lair of Beasts)
 13423 | Lair:3   | You fall through a shaft for 2 floors!
 13646 | Lair:5   | Received a gift from Trog
 13667 | Lair:5   | Reached XP level 14. HP: 63/114 MP: 20/20
 14042 | Lair:5   | Identified a scroll of acquirement
 14187 | Lair:5   | Found a viscous altar of Jiyva.
 14187 | Lair:5   | Found a staircase to the Slime Pits.
 14372 | Lair:6   | Entered Level 6 of the Lair of Beasts
 14411 | Lair:6   | Found a large runed translucent door.
 14411 | Lair:6   | Found a large runed translucent door.
 14412 | Lair:6   | Noticed Inarius's ghost (journeyman MiCK)
 14417 | Lair:6   | Found the +0 mask of the Dragon {MR+ Slay+3 SInv}
 14519 | Lair:6   | Reached ****** piety under Trog
 14529 | Lair:6   | Received a gift from Trog
 14607 | Lair:6   | Found a gate leading to a gauntlet.
 14623 | Gauntlet | Entered a Gauntlet
 14623 | Gauntlet | Found a transporter.
 14635 | Gauntlet | Found a runed translucent gate.
 14636 | Gauntlet | Found a transporter.
 14636 | Gauntlet | Found a runed translucent gate.
 14637 | Gauntlet | Found a transporter.
 14638 | Gauntlet | Found a transporter.
 14641 | Gauntlet | Found a transporter.
 14642 | Gauntlet | Found a transporter.
 14651 | Gauntlet | Found the +2 hat of the Bear Spirit {Spirit, +Rage rN+
                  | MR++}
 14653 | Gauntlet | Found a transporter.
 14656 | Gauntlet | Found a transporter.
 14672 | Gauntlet | Found a runed translucent gate.
 14792 | Gauntlet | Got a vibrating golden amulet
 14793 | Gauntlet | Identified the amulet of the Eight Demons {Faith Int+4
                  | Stlth+} (You found it in a Gauntlet)
 14880 | Gauntlet | Identified the Reference Book on the Birds and the Oath
 15033 | Lair:5   | Upgraded the game from 0.24-a0-269-g32ec7ca to
                  | 0.24-a0-275-g6f7e2cb
 15042 | Lair:5   | Reached skill level 17 in Polearms
 15388 | Lair:6   | Received a gift from Trog
 15504 | Lair:6   | Noticed an entropy weaver
 15504 | Lair:6   | Noticed an entropy weaver
 15511 | Lair:6   | Killed an entropy weaver
 15515 | Lair:6   | Received a gift from Trog
 15524 | Lair:6   | Killed an entropy weaver
 15722 | Lair:6   | Reached skill level 18 in Polearms
 16152 | Lair:6   | Reached XP level 15. HP: 123/123 MP: 21/21
 16311 | Lair:4   | Found a staircase to the Snake Pit.
 16575 | Lair:4   | Received a gift from Trog
 17962 | D:11     | Identified the +2 robe of Whack-A-Mole {rPois Dex+2} (You
                  | found it on level 10 of the Dungeon)
 18173 | D:13     | Reached skill level 19 in Polearms
 18207 | D:13     | Found a gate to the Vaults.
 18436 | D:13     | Received a gift from Trog
 18685 | D:14     | Reached skill level 10 in Armour
 19409 | D:15     | Entered Level 15 of the Dungeon
 19606 | D:15     | Received a gift from Trog
 19606 | D:15     | Reached skill level 20 in Polearms
 19979 | D:15     | Mangled by a titanic slime creature

Levels and vault maps discovered:
D:1:      psy_arrival_statuary, layout_basic
D:2:      layout_basic
D:3:      layout_basic, amethyst_overflow_temple_binary,
          lemuel_coloured_pillars_altar, first_ration, uniq_grinder
D:4:      layout_layer_cave, grunt_temple_overflow_open
D:5:      layout_layer_cave, nicolae_ru_the_path_less_chosen
D:6:      layout_loops_cross, grunt_temple_overflow_diamond,
          minmay_temple_entry_glassed_door, minmay_crossroads,
          uniq_prince_ribbit1, uniq_pikel
D:7:      layout_basic
D:8:      layout_basic, minmay_lair_entry_grove, basic_altar, grunt_pizzeria,
          uniq_maurice
D:9:      layout_loops_ring, hiddenorc1_lemuel, nicolae_sextant, uniq_erolcha
D:10:     layout_roguey, minivault_25_ag
D:11:     layout_roguey
D:12:     layout_gridville, uniq_psyche
D:13:     layout_loops_ring, david_vaults_2, enter_bailey_2,
          minmay_misc_feat_four_crosses, nicolae_underground_beach
D:14:     layout_gridville, solitary_fountain
D:15:     gammafunk_enter_depths_forms, layout_cross,
          chequers_serial_rivers_micro_c
Lair:1:   layout_roguey, grunt_megastairs_1, minmay_lair_oklob_chamber
Lair:2:   mu_elephants_graveyard, layout_gridlike, minmay_swamp_entry_swarm,
          nicolae_quartered_pool_little, chequers_serial_rivers_room_a
Lair:3:   layout_chaotic_city, cheibrodos_lair_caveside_slide, minivault_11,
          chequers_serial_rivers_marsh, chequers_serial_rivers_small_3,
          minmay_holes
Lair:4:   cheibrodos_magma_flow, layout_cave_pods, guppyfry_snake_entry_garden,
          serial_bayou_shore_b, grunt_megastairs_4
Lair:5:   layout_loops_ring, dpeg_slime_entry_enclosed_altar,
          lemuel_fruit_fields
Lair:6:   hangedman_lair_tendril_chambers, layout_concentric_octagons,
          ebering_ghost_disaster_area, gauntlet_entry_generic,
          minmay_another_anthill, serial_bayou_shore_a
Bailey:   bailey_polearm_flooded_kennysheep, bailey
Gauntlet: minmay_gauntlet_mixed_oops_all_seconds
          [minmay_gauntlet_arena_77_run_for_it, gammafunk_gauntlet_arena_hedges,
          minmay_gauntlet_arena_77_block_sizes,
          gammafunk_gauntlet_arena_chambers,
          minmay_gauntlet_arena_77_chump_sandwich, nicolae_gauntlet_swirl,
          gauntlet_exit_hidden_loot]

Skill      XL: |  1  2  3  4  5  6  7  8  9 10 11 12 13 14 15 |
---------------+----------------------------------------------+-----
Polearms       | 5 6 7 8 9 11 12 14 16 18 20 | 20.1
Fighting       | 4 5 6 7 8 9 10 11 13 | 13.8
Armour         | 2 3 5 6 7 8 10 | 10.0
Maces & Flails | 1 |  1.2
Shields        | 1 |  1.2
Dodging        | 5 8 10 | 10.5
Evocations     | 4 8 9 |  9.3
Throwing       | 4 7 9 |  9.7

Action                   |  1- 3 |  4- 6 |  7- 9 | 10-12 | 13-15 || total
-------------------------+-------+-------+-------+-------+-------++-------
Melee: Spear             |    60 |   135 |       |       |       ||   195
       Whip              |       |    55 |    54 |       |       ||   109
       Halberd           |       |       |   139 |   681 |   952 ||  1772
       Tailslap          |       |       |       |     4 |       ||     4
       Bardiche          |       |       |       |       |   182 ||   182
Throw: Tomahawk          |       |       |     2 |       |     9 ||    11
Invok: Berserk           |     3 |     4 |     6 |     9 |     9 ||    31
       Trog's Hand       |       |     1 |       |     3 |       ||     4
       Brothers in Arms  |       |       |       |       |     2 ||     2
Evoke: Wand              |       |       |       |     4 |     9 ||    13
  Use: Scroll            |       |     5 |     4 |    11 |    16 ||    36
       Potion            |       |       |       |       |     1 ||     1
 Stab: Distracted        |       |       |       |       |     1 ||     1
  Eat: Chunk             |     1 |    12 |    10 |    27 |    33 ||    83
       Ration            |       |       |     1 |     1 |     1 ||     3
Armor: Animal skin       |     4 |       |       |       |       ||     4
       Ring mail         |     8 |    39 |    55 |   117 |    42 ||   261
       Chain mail        |       |     9 |       |       |   355 ||   364
Dodge: Dodged            |    21 |    82 |    84 |   411 |   637 ||  1235

Table legend:
 A = Non-vault XP
 B = Vault XP
 C = Vault XP percentage of total XP
 D = Non-vault monster count
 E = Vault monster count
 F = Vault count percentage of total count
                 A         B        C        D         E       F
            +---------+---------+-------+---------+---------+-------
      Total |   80836 |   44520 |  35.5 |     475 |     204 |  30.0
            +---------+---------+-------+---------+---------+-------
        D:1 |      30 |       0 |   0.0 |      14 |       0 |   0.0
        D:2 |     103 |       0 |   0.0 |      23 |       0 |   0.0
        D:3 |      83 |     281 |  77.2 |      19 |       1 |   5.0
        D:4 |     112 |       0 |   0.0 |      10 |       0 |   0.0
        D:5 |     250 |       0 |   0.0 |       5 |       0 |   0.0
        D:6 |     591 |     930 |  61.1 |      20 |       3 |  13.0
        D:7 |     722 |       0 |   0.0 |      23 |       0 |   0.0
        D:8 |    2107 |    2508 |  54.3 |      35 |      14 |  28.6
        D:9 |    5763 |    1173 |  16.9 |      32 |      18 |  36.0
       D:10 |    2147 |       0 |   0.0 |      30 |       0 |   0.0
       D:11 |    3486 |       0 |   0.0 |      32 |       0 |   0.0
       D:12 |    5260 |     404 |   7.1 |      22 |       1 |   4.3
       D:13 |    4992 |    2675 |  34.9 |      21 |       7 |  25.0
       D:14 |   13344 |       0 |   0.0 |      33 |       0 |   0.0
       D:15 |    4061 |    1754 |  30.2 |      14 |       4 |  22.2
     Lair:1 |    6016 |    2141 |  26.2 |      27 |       5 |  15.6
     Lair:2 |    2371 |   10562 |  81.7 |       8 |      24 |  75.0
     Lair:3 |    6796 |       0 |   0.0 |      25 |       0 |   0.0
     Lair:4 |    3822 |    1858 |  32.7 |      13 |      10 |  43.5
     Lair:5 |    8223 |       0 |   0.0 |      32 |       0 |   0.0
     Lair:6 |   10557 |   13792 |  56.6 |      37 |      67 |  64.4
     Bailey |       0 |    2290 | 100.0 |       0 |      39 | 100.0
   Gauntlet |       0 |    4152 | 100.0 |       0 |      11 | 100.0
            +---------+---------+-------+---------+---------+-------
